cohdb
Replays
Latest Replays
All Replays
Popular Replays
Top Player Replays
Match Explorer
How It Works
Community
CoH3 Stats
Reddit
Sign in to upload your games and track your stats! →
Sign in with Steam
Match 43612869
Unlisted
Match 43612869
Overview
Messages
Build Orders
End
Construct Barracks
Selects Advanced Infantry Battlegroup
Riflemen Squad
Riflemen Squad
Grenade Package
Riflemen Squad
M1 Mortar Team
Infantry Support Center
Selects Convert to Ranger Squad
Selects Frontline Medical Station
Frontline Medical Station
M1918 Browning Automatic Rifles
Construct Weapon Support Center
M3 Armored Personnel Carrier
Lero
Alekel
CalmSassarShow
Sponge_bobby
Guernord
Королева PizdаliSov
Sanchorus
ionwood
0
0
Comments
sign in to comment!
No comments posted yet!